[Event "November 21 Late 2023"]
[Site "https://www.chess.com"]
[Date "2023.11.21"]
[Round "11"]
[White "Osmak, Yuliia"]
[Black "Vadim_Galchenko"]
[Result "0-1"]
[Board "45"]
[TimeControl "180+1"]
[WhiteFideId "14101602"]
[WhiteElo "2303"]
[BlackElo "2565"]
[WhiteTeam "UKR"]
[WhiteClock "0:00:00"]
[BlackClock "0:00:46"]

1. e4 e6 2. d4 d5 3. exd5 exd5 4. Bd3 Nc6 5. Nf3 Bd6 6. O-O Nge7 7. c3 Bg4 8. Re1 Qd7 9. Nbd2 O-O 10. h3 Bf5 11. Bf1 Rae8 12. Nb3 Ng6 13. Be3 Qc8 14. Qd2 f6 15. Nc5 b6 16. Ba6 Qd8 17. Nb7 Qd7 18. Nxd6 Qxd6 19. Bb5 Re7 20. Re2 Nb8 21. Rae1 c6 22. Ba4 Rfe8 23. Qd1 b5 24. Bb3 Nd7 25. Bc1 Nb6 26. Rxe7 Rxe7 27. Rxe7 Qxe7 28. Qe1 Qd7 29. Bd1 Nc4 30. b3 Nd6 31. Nd2 Nf4 32. Ba3 Ne4 33. Nxe4 Bxe4 34. f3 Bf5 35. Qe3 Ne6 36. g4 Bg6 37. h4 Bb1 38. Qc1 Bg6 39. Kf2 h5 40. Qe3 Kf7 41. Be2 Qc7 42. Kg1 Qg3+ 43. Kf1 hxg4 0-1

[Event "November 21 Late 2023"]
[Site "https://www.chess.com"]
[Date "2023.11.21"]
[Round "11"]
[White "Gurevich, Dmitry"]
[Black "Deng, Henry"]
[Result "0-1"]
[Board "46"]
[TimeControl "180+1"]
[WhiteFideId "2000407"]
[BlackFideId "30965454"]
[WhiteElo "2506"]
[BlackElo "2558"]
[WhiteTeam "USA"]
[BlackTeam "USA"]
[WhiteClock "0:00:04"]
[BlackClock "0:00:45"]

1. d4 d5 2. c4 c6 3. e3 Nf6 4. Nc3 e6 5. Nf3 Nbd7 6. Bd2 Be7 7. Bd3 dxc4 8. Bxc4 b5 9. Bb3 O-O 10. a3 a5 11. e4 Bb7 12. e5 Nd5 13. Nxd5 cxd5 14. O-O Ba6 15. Re1 b4 16. axb4 axb4 17. h4 Bd3 18. Rxa8 Qxa8 19. Bg5 Bxg5 20. Qxd3 Be7 21. Rc1 Rc8 22. Rxc8+ Qxc8 23. Bc2 Nf8 24. h5 Qa8 25. b3 Qa1+ 26. Kh2 Qc1 27. Qd2 Qxd2 28. Nxd2 Nd7 29. Bd3 Bd8 30. Bb5 Nf8 31. f4 g6 32. hxg6 Nxg6 33. g3 Ne7 34. g4 Ng6 35. Kg3 Bh4+ 36. Kf3 Be1 37. Nf1 Bc3 38. Ke3 Nh4 39. Kd3 Ng2 40. f5 Ne1+ 41. Ke3 Nc2+ 42. Kd3 Nxd4 43. Bd7 Kf8 44. Ne3 Ke7 45. Bc8 Nxb3 46. fxe6 fxe6 47. g5 Nc5+ 0-1

[Event "November 21 Late 2023"]
[Site "https://www.chess.com"]
[Date "2023.11.21"]
[Round "11"]
[White "Erzhanov, Arman"]
[Black "Batsiashvili, Nino"]
[Result "1/2-1/2"]
[Board "48"]
[TimeControl "180+1"]
[WhiteFideId "4138821"]
[BlackFideId "13602993"]
[WhiteElo "2171"]
[BlackElo "2233"]
[WhiteTeam "KAZ"]
[BlackTeam "GEO"]
[WhiteClock "0:00:05"]
[BlackClock "0:00:08"]

1. e4 e5 2. Nf3 Nc6 3. Bb5 Nge7 4. O-O Ng6 5. c3 Be7 6. d4 O-O 7. Re1 d6 8. h3 Bd7 9. d5 Nb8 10. Bd3 f5 11. exf5 Bxf5 12. Bxf5 Rxf5 13. Nbd2 Nd7 14. Ne4 Qf8 15. c4 Nf4 16. Bxf4 Rxf4 17. b3 b6 18. Neg5 Bxg5 19. Nxg5 Rxf2 20. Nf3 Rxf3 21. Qxf3 Qxf3 22. gxf3 Rf8 23. Kg2 a5 24. Rf1 Nc5 25. Rad1 g5 26. Kg3 Kg7 27. h4 h6 28. hxg5 hxg5 29. Rh1 Kg6 30. Rh2 e4 31. Rf2 Rf4 32. Rff1 Kf5 33. Kg2 Ke5 34. fxe4 Kxe4 35. Rfe1+ Kf5 36. Re7 Na6 37. Rf1 Rxf1 38. Kxf1 Kf6 39. Rh7 Ke5 40. Ke2 Kd4 41. Kd2 a4 42. Rg7 a3 43. Kc2 b5 44. cxb5 Nb4+ 45. Kb1 Nxd5 46. Rxg5 Nc3+ 47. Ka1 d5 48. Rg4+ Kc5 49. Rg3 Nxb5 50. Kb1 d4 51. Kc2 Nc3 52. Rg5+ Kb4 53. Rg7 c6 54. Rb7+ Kc5 55. Ra7 Nxa2 56. Rxa3 Nb4+ 57. Kd2 Kb5 58. Ra8 c5 59. Rb8+ Kc6 60. Rc8+ Kd5 61. Rd8+ Kc6 62. Rh8 Kb5 63. Rb8+ Kc6 64. Ra8 Kb6 65. Rd8 Nc6 66. Rh8 Kb5 67. Rh6 Na5 68. Kc2 Nc6 69. Rd6 Nb4+ 70. Kb2 Ka5 71. Ka3 Kb5 72. Kb2 Ka5 73. Rd8 Kb5 74. Rb8+ Kc6 75. Rc8+ Kd5 76. Ka3 d3 77. Kb2 Kd4 78. Rd8+ Ke3 79. Re8+ Kd2 80. Rc8 Ke1 81. Re8+ Kd1 82. Rc8 d2 83. Rxc5 Ke2 84. Re5+ Kd3 85. Re8 d1=Q 86. Rd8+ Ke2 87. Rxd1 Kxd1 88. Ka3 Nc2+ 89. Ka4 Kd2 90. b4 Nxb4 1/2-1/2

[Event "November 21 Late 2023"]
[Site "https://www.chess.com"]
[Date "2023.11.21"]
[Round "11"]
[White "Hajiyev, Kanan"]
[Black "Silvestre, Christian"]
[Result "1-0"]
[Board "49"]
[TimeControl "180+1"]
[WhiteFideId "13404148"]
[BlackFideId "30956269"]
[WhiteElo "2102"]
[BlackElo "2361"]
[WhiteTeam "AZE"]
[BlackTeam "USA"]
[WhiteClock "0:00:21"]
[BlackClock "0:00:00"]

1. d4 e5 2. Nf3 exd4 3. Nxd4 Nf6 4. c4 g6 5. Nc3 Bg7 6. e3 O-O 7. Be2 d5 8. O-O dxc4 9. Bxc4 a6 10. b3 c5 11. Nde2 b5 12. Bd3 Bb7 13. Bb2 Nc6 14. Nf4 Qa5 15. Qe2 Rfe8 16. Rfd1 Ne5 17. Bc2 Qc7 18. a4 b4 19. Ncd5 Nxd5 20. Nxd5 Qc6 21. Be4 Kh8 22. Nf6 Qxf6 23. Bxb7 Rab8 24. Bd5 Nf3+ 25. Qxf3 Qxf3 26. gxf3 Bxb2 27. Rab1 Bc3 28. Bxf7 Rf8 29. Bd5 Rbd8 30. f4 a5 31. Kg2 Kg7 32. Kg3 Kf6 33. h4 h6 34. Kg4 Rd6 35. e4 Ke7 36. e5 Rdd8 37. Be4 Rd4 38. Rxd4 cxd4 39. Bxg6 Ke6 40. Be4 Rg8+ 41. Kf3 Rf8 42. Rg1 Bd2 43. Rg6+ Ke7 44. f5 1-0

[Event "November 21 Late 2023"]
[Site "https://www.chess.com"]
[Date "2023.11.21"]
[Round "11"]
[White "Zampronha, Wladimir Camilo"]
[Black "MKlose11"]
[Result "0-1"]
[Board "50"]
[TimeControl "180+1"]
[WhiteFideId "2103087"]
[WhiteElo "2055"]
[BlackElo "2624"]
[WhiteTeam "BRA"]
[WhiteClock "0:01:30"]
[BlackClock "0:02:25"]

1. e4 e6 2. d4 d5 3. Nc3 Bb4 4. e5 Ne7 5. Nf3 b6 6. Be2 Ba6 7. O-O Bxc3 8. bxc3 Bxe2 9. Qxe2 Nbc6 10. c4 dxc4 11. Qxc4 Qd5 12. Qxd5 Nxd5 13. Bd2 O-O-O 14. c4 Nde7 15. Be3 h6 16. Rfd1 Rd7 17. Rd2 Rhd8 18. Rad1 Na5 19. Rc2 Kb7 20. g3 c5 21. Rb1 cxd4 22. Bxd4 Rxd4 23. Nxd4 Rxd4 24. c5 Nac6 25. cxb6 axb6 26. Rcb2 Nd5 27. f4 g5 28. fxg5 hxg5 29. Rf2 Nxe5 30. Re1 f6 31. Rc1 g4 32. Rfc2 Nf3+ 33. Kg2 Ne3+ 0-1

[Event "November 21 Late 2023"]
[Site "https://www.chess.com"]
[Date "2023.11.21"]
[Round "11"]
[White "ATM622"]
[Black "Gimenez Aguirre, Alejo Ismael"]
[Result "0-1"]
[Board "51"]
[TimeControl "180+1"]
[BlackFideId "32041667"]
[WhiteElo "2465"]
[BlackElo "2165"]
[BlackTeam "ARG"]
[WhiteClock "0:00:01"]
[BlackClock "0:00:58"]

1. d4 Nf6 2. c4 e6 3. g3 Bb4+ 4. Nd2 O-O 5. Bg2 c5 6. d5 exd5 7. cxd5 d6 8. a3 Ba5 9. Rb1 Bf5 10. Ra1 Re8 11. Nf3 Nxd5 12. O-O Nc6 13. Nc4 Be4 14. Nh4 Bxg2 15. Kxg2 Nf6 16. Nxd6 Rxe2 17. Qxe2 Qxd6 18. Bf4 Qd7 19. Rad1 Nd4 20. Qc4 Qc6+ 21. f3 h6 22. b4 Bb6 23. bxc5 Qxc5 24. Qxc5 Bxc5 25. Be3 Ne6 26. Bxc5 Nxc5 27. Nf5 b6 28. Rfe1 Kf8 29. g4 Rc8 30. h4 Ne6 31. Kg3 Rc3 32. Rc1 Ne4+ 33. Kh2 Rxc1 34. Rxc1 N4c5 35. Kg3 h5 36. Nd6 g6 37. Nc8 Nd4 38. Rd1 Ne2+ 39. Kf2 Nf4 40. Nxa7 Nfd3+ 41. Ke3 Ne5 42. gxh5 gxh5 43. Kf4 Ng6+ 44. Kg5 Ne6+ 45. Kf6 Ngf4 46. Ke5 Ng2 47. Rg1 Nxh4 48. Ke4 Nc5+ 49. Ke3 Nf5+ 50. Kf4 Nd4 51. Nc8 Ne2+ 52. Ke3 Nxg1 53. Nxb6 h4 54. Kf2 Nh3+ 55. Ke3 Ng5 56. a4 h3 57. Kf2 f5 58. f4 Nce4+ 59. Kg1 Nf3+ 60. Kh1 Ng3# 0-1

[Event "November 21 Late 2023"]
[Site "https://www.chess.com"]
[Date "2023.11.21"]
[Round "11"]
[White "Minko, Dmitry"]
[Black "Zhurbinsky, David"]
[Result "1-0"]
[Board "52"]
[TimeControl "180+1"]
[WhiteFideId "24188468"]
[BlackFideId "2072904"]
[WhiteElo "1992"]
[BlackElo "2607"]
[WhiteTeam "FID"]
[BlackTeam "USA"]
[WhiteClock "0:01:20"]
[BlackClock "0:01:06"]

1. e4 e5 2. Nf3 Nc6 3. d4 exd4 4. Nxd4 Bc5 5. Be3 Qf6 6. c3 Nge7 7. g3 d5 8. Bg2 dxe4 9. Nb5 Bd6 10. Nd2 Bf5 11. Nxe4 Bxe4 12. Nxd6+ cxd6 13. Bxe4 O-O 14. O-O Rad8 15. Qh5 h6 16. Rad1 Ne5 17. f4 Nc4 18. Bd4 Qe6 19. Rfe1 Qd7 20. b3 Nb6 21. c4 Qc7 22. Qg4 f6 23. Bb1 Nc6 24. Qg6 Ne7 25. Rxe7 Qxe7 26. Qh7+ Kf7 27. Bg6+ Ke6 28. Re1+ Kd7 29. Rxe7+ Kxe7 30. Qxg7+ Rf7 31. Qxf7# 1-0

[Event "November 21 Late 2023"]
[Site "https://www.chess.com"]
[Date "2023.11.21"]
[Round "11"]
[White "Milchev, Nikolay"]
[Black "topce"]
[Result "1-0"]
[Board "53"]
[TimeControl "180+1"]
[WhiteFideId "2906090"]
[WhiteElo "2449"]
[BlackElo "2449"]
[WhiteTeam "ENG"]
[WhiteClock "0:00:36"]
[BlackClock "0:00:00"]

1. Nf3 c5 2. c3 Nf6 3. d4 b6 4. Qb3 e6 5. Be3 Nc6 6. dxc5 bxc5 7. g3 Rb8 8. Qc2 d5 9. Bg2 Be7 10. Bf4 Bd6 11. Bxd6 Qxd6 12. O-O O-O 13. Nbd2 Ba6 14. Rfe1 e5 15. Rad1 d4 16. Ng5 Bb7 17. Nc4 Qc7 18. e3 Rbd8 19. exd4 cxd4 20. Qf5 dxc3 21. bxc3 h6 22. Rxd8 Rxd8 23. Ne4 Nxe4 24. Bxe4 g6 25. Qf6 Ba6 26. Ne3 Ne7 27. Ng4 Nd5 28. Nxh6+ Kh7 29. Bxd5 Kxh6 30. Bxf7 Qd6 31. Qxe5 Qxe5 32. Rxe5 Bb7 33. f4 Rd2 34. Re7 Bf3 35. Re3 1-0

[Event "November 21 Late 2023"]
[Site "https://www.chess.com"]
[Date "2023.11.21"]
[Round "11"]
[White "Marcziter, Dmitrii"]
[Black "Koksal, Ege"]
[Result "0-1"]
[Board "54"]
[TimeControl "180+1"]
[WhiteFideId "13900765"]
[BlackFideId "6317626"]
[WhiteElo "2142"]
[BlackElo "2230"]
[WhiteTeam "GER"]
[BlackTeam "TUR"]
[WhiteClock "0:00:14"]
[BlackClock "0:00:33"]

1. d4 Nf6 2. c4 e6 3. Nf3 d5 4. Nc3 c6 5. Bg5 h6 6. Bxf6 Qxf6 7. e3 Nd7 8. Qb3 g6 9. Rd1 Bg7 10. Be2 O-O 11. e4 dxc4 12. Bxc4 e5 13. dxe5 Nxe5 14. Nxe5 Qxe5 15. O-O b5 16. Be2 Be6 17. Qc2 Qc5 18. a3 a5 19. Qd2 Qb6 20. Qf4 Rad8 21. h3 Bb3 22. Rxd8 Rxd8 23. Re1 Qd4 24. Bd1 Bc4 25. Bg4 Qd2 26. Qxd2 Rxd2 27. Rb1 b4 28. axb4 axb4 29. Na4 Bd3 30. Re1 Bxb2 31. Nxb2 Rxb2 32. e5 h5 33. e6 fxe6 34. Bxe6+ Kg7 35. Bd7 Rb1 36. Rxb1 Bxb1 37. Bxc6 b3 38. Bd5 b2 39. h4 Kf6 40. f3 Ke5 41. Bf7 Bf5 42. Kf2 b1=Q 0-1

[Event "November 21 Late 2023"]
[Site "https://www.chess.com"]
[Date "2023.11.21"]
[Round "11"]
[White "Martins, Vinicius Tine"]
[Black "aghasiyevkamal"]
[Result "1/2-1/2"]
[Board "55"]
[TimeControl "180+1"]
[WhiteFideId "2112884"]
[WhiteElo "2373"]
[BlackElo "2569"]
[WhiteTeam "BRA"]
[WhiteClock "0:00:08"]
[BlackClock "0:00:07"]

1. d4 Nf6 2. Bf4 e6 3. Nf3 d5 4. e3 Bd6 5. Bg3 O-O 6. Nbd2 b6 7. Bd3 Ba6 8. Ne5 Bxd3 9. cxd3 c5 10. O-O Qc7 11. Rc1 Nbd7 12. f4 Rac8 13. Qa4 Qb7 14. f5 b5 15. Qd1 cxd4 16. Nxd7 Qxd7 17. Bxd6 Qxd6 18. exd4 Rxc1 19. Qxc1 Ng4 20. g3 Ne3 21. Ne4 dxe4 22. Qxe3 exf5 23. Rxf5 exd3 24. Qxd3 a6 25. Rf2 Qd5 26. b3 Rd8 27. Rd2 g6 28. Qe3 b4 29. h4 h5 30. Kh2 Rd6 31. Qf2 Re6 32. Rc2 Re4 33. Rd2 Kg7 34. Qg1 Qd6 35. Kg2 Qc6 36. Kh2 Qc3 37. Qf2 Qc7 38. Kg2 Qd6 39. d5 a5 40. Qf3 Re5 41. Qd3 Rf5 42. Qd4+ Kh7 43. Rd3 Re5 44. Rd2 Rf5 45. Kh2 Rf3 46. Rg2 Rf5 47. Rd2 Rf3 48. Rg2 Rc3 49. Rg1 Kg8 50. Rg2 Kf8 51. Qh8+ Ke7 52. Qd4 Kd7 53. Qa7+ Qc7 54. Qd4 Qc5 55. Qe4 Qd6 56. Qd4 Rc5 57. Rd2 Kc7 58. Re2 Kb7 59. Rd2 Ka6 60. Qd3+ Kb6 61. Qe4 f6 62. Qd4 Kb5 63. Qd3+ Kb6 64. Qd4 Kb7 65. Rd3 Rc2+ 66. Rd2 Rc3 67. Rd3 Rxd3 68. Qxd3 Qe5 69. Qc4 Kb6 70. Qc6+ Ka7 71. d6 Qe2+ 72. Kh3 Qf1+ 73. Kh2 Qf2+ 74. Kh3 Qf1+ 75. Kh2 Qf2+ 76. Kh3 Qf1+ 1/2-1/2

[Event "November 21 Late 2023"]
[Site "https://www.chess.com"]
[Date "2023.11.21"]
[Round "11"]
[White "Tikhonov, Viacheslav"]
[Black "Kostiukov, Alexandr"]
[Result "1-0"]
[Board "56"]
[TimeControl "180+1"]
[WhiteFideId "44196407"]
[BlackFideId "14108100"]
[WhiteElo "2191"]
[BlackElo "2144"]
[WhiteTeam "RUS"]
[BlackTeam "UKR"]
[WhiteClock "0:00:16"]
[BlackClock "0:00:32"]

1. e4 c5 2. Nf3 g6 3. d4 cxd4 4. Nxd4 Bg7 5. c4 Nc6 6. Be3 Nf6 7. Nc3 Nxd4 8. Bxd4 Qa5 9. Qd2 Nxe4 10. Qd3 Bxd4 11. Qxd4 Nf6 12. O-O-O O-O 13. Be2 d6 14. Kb1 Be6 15. h4 h5 16. f3 Qe5 17. Qd2 Rfc8 18. b3 a6 19. Na4 Bf5+ 20. Bd3 Bxd3+ 21. Qxd3 Rab8 22. Rhe1 Qg3 23. Rxe7 Qxg2 24. Nb6 Rd8 25. Nd5 Nd7 26. Rxd7 Rxd7 27. Nf6+ Kg7 28. Nxd7 Rd8 29. Qd4+ Kh6 30. Qf4+ Kg7 31. Qf6+ Kg8 32. Qxd8+ 1-0

[Event "November 21 Late 2023"]
[Site "https://www.chess.com"]
[Date "2023.11.21"]
[Round "11"]
[White "Jovic, Stanoje"]
[Black "TheAlienParty"]
[Result "1-0"]
[Board "57"]
[TimeControl "180+1"]
[WhiteFideId "905020"]
[WhiteElo "2249"]
[BlackElo "2405"]
[WhiteTeam "SRB"]
[WhiteClock "0:00:06"]
[BlackClock "0:00:02"]

1. c4 e5 2. g3 Nf6 3. Bg2 h6 4. Nc3 d6 5. Nf3 Be7 6. O-O O-O 7. d4 exd4 8. Nxd4 c6 9. e4 Nbd7 10. h3 Ne5 11. b3 a5 12. Be3 Qc7 13. Qd2 a4 14. Nxa4 Nxc4 15. bxc4 Rxa4 16. Qc2 Qa5 17. Nb3 Qb4 18. Rfc1 Be6 19. Bf1 Rfa8 20. Bd2 Qb6 21. Rcb1 Qc7 22. Nd4 Nd7 23. Nxe6 fxe6 24. Be3 Bf6 25. Rb2 Bxb2 26. Qxb2 e5 27. f4 Nf8 28. f5 c5 29. g4 Ra3 30. Bf2 R8a7 31. Qd2 Qa5 32. Qd5+ Kh7 33. Qf7 Qd8 34. h4 b5 35. Qh5 b4 36. g5 Rxa2 37. Rxa2 Rxa2 38. Be3 Qa8 39. f6 Qxe4 40. Bf2 Qg6 41. Qf3 hxg5 42. Bd3 gxf6 43. Bxg6+ Kxg6 44. Qd3+ Kh5 45. Qxd6 gxh4 46. Qxf8 Kg5 47. Qg7+ Kf5 48. Qh7+ Ke6 49. Qxh4 Ra1+ 50. Kg2 Ra2 51. Qh3+ f5 52. Qh6+ Kd7 53. Qf6 e4 54. Qxf5+ Kc7 55. Qxc5+ Kd7 56. Qd5+ Kc7 57. Qxe4 b3 58. Qe7+ Kc6 59. Qc5+ Kd7 60. Qb5+ Ke6 61. Qxb3 Re2 62. c5+ Kd7 63. Qd5+ Kc7 64. Kf3 Rc2 65. Bg3+ Kc8 66. Qc6+ Kd8 67. Bh4# 1-0

[Event "November 21 Late 2023"]
[Site "https://www.chess.com"]
[Date "2023.11.21"]
[Round "11"]
[White "Willy, Stephen"]
[Black "D`Arruda, Ricardo D."]
[Result "1-0"]
[Board "58"]
[TimeControl "180+1"]
[WhiteFideId "30981468"]
[BlackFideId "100692"]
[WhiteElo "2139"]
[BlackElo "2532"]
[WhiteTeam "USA"]
[BlackTeam "ARG"]
[WhiteClock "0:00:58"]
[BlackClock "0:01:05"]

1. e4 c5 2. Nf3 Nc6 3. Nc3 e6 4. d4 cxd4 5. Nxd4 d6 6. Be3 Nf6 7. Be2 Be7 8. g4 h6 9. h4 a6 10. Rg1 g6 11. Qd2 Nxd4 12. Bxd4 e5 13. Be3 Ng8 14. O-O-O Bxh4 15. Nd5 Bg5 16. Qc3 Kf8 17. f4 exf4 18. Bb6 Qd7 19. Qxh8 f3+ 20. Kb1 fxe2 21. Rde1 Qb5 22. Bd4 f6 23. Nxf6 Be6 24. Nxg8 Bxg8 25. Qg7+ 1-0

[Event "November 21 Late 2023"]
[Site "https://www.chess.com"]
[Date "2023.11.21"]
[Round "11"]
[White "Eggleston, Thomas A"]
[Black "Sanchez Alvares, Kelvin Antonio"]
[Result "1-0"]
[Board "59"]
[TimeControl "180+1"]
[WhiteFideId "412139"]
[BlackFideId "3906680"]
[WhiteElo "2169"]
[BlackElo "2217"]
[WhiteTeam "ENG"]
[BlackTeam "VEN"]
[WhiteClock "0:01:40"]
[BlackClock "0:00:00"]

1. e4 e5 2. Nf3 Nc6 3. d4 exd4 4. Nxd4 Qh4 5. Nc3 Bb4 6. Nb5 Qxe4+ 7. Be2 Bxc3+ 8. bxc3 Kd8 9. O-O Nf6 10. Be3 a6 11. Nd4 Nd5 12. Nxc6+ bxc6 13. Bd4 f6 14. Bf3 Qf5 15. c4 Nf4 16. Re1 Re8 17. Be3 Bb7 18. Rb1 Rb8 19. Bg4 1-0

[Event "November 21 Late 2023"]
[Site "https://www.chess.com"]
[Date "2023.11.21"]
[Round "11"]
[White "ciutadella"]
[Black "Gallegos Diaz, Carlos Alberto"]
[Result "0-1"]
[Board "60"]
[TimeControl "180+1"]
[BlackFideId "3900886"]
[WhiteElo "2527"]
[BlackElo "2362"]
[BlackTeam "VEN"]
[WhiteClock "0:00:04"]
[BlackClock "0:00:15"]

1. Nf3 g6 2. d4 Bg7 3. c4 c6 4. Nc3 d5 5. e3 Nf6 6. Qb3 O-O 7. Bd2 a6 8. a4 dxc4 9. Bxc4 c5 10. d5 Ne8 11. e4 Nd6 12. Be2 e6 13. O-O exd5 14. exd5 Re8 15. Rfe1 Bg4 16. Be3 Nd7 17. Rad1 Rc8 18. h3 c4 19. Qc2 Bf5 20. Qc1 b5 21. Nd4 b4 22. Nc6 bxc3 23. Nxd8 cxb2 24. Qd2 c3 25. Nc6 cxd2 26. Rxd2 b1=Q 27. Rxb1 Bxb1 28. Bxa6 Ra8 29. Bb5 Nxb5 30. axb5 Be4 31. d6 Ra1+ 32. Kh2 Rb1 33. Ne7+ Kf8 34. Bd4 Bxd4 35. Rxd4 f5 36. f3 Bb7 37. Kg3 Rxb5 38. Kf4 Nf6 39. Kg5 Kg7 40. d7 h6+ 41. Kf4 Rd8 42. g4 g5+ 43. Ke3 f4+ 44. Kd2 Rxd7 45. Nf5+ Kg6 46. Nd6 Rd5 47. Rxd5 Bxd5 0-1

[Event "November 21 Late 2023"]
[Site "https://www.chess.com"]
[Date "2023.11.21"]
[Round "11"]
[White "Horak, Martin"]
[Black "Padalka, Artem"]
[Result "1-0"]
[Board "61"]
[TimeControl "180+1"]
[WhiteFideId "367095"]
[BlackFideId "14118637"]
[WhiteElo "2091"]
[BlackElo "2056"]
[WhiteTeam "CZE"]
[BlackTeam "POL"]
[WhiteClock "0:00:12"]
[BlackClock "0:00:06"]

1. e4 c5 2. Nf3 d6 3. d4 cxd4 4. Nxd4 Nf6 5. Nc3 g6 6. f3 Bg7 7. Be3 Nc6 8. Qd2 O-O 9. g4 Be6 10. h4 h5 11. g5 Nd7 12. f4 Bg4 13. Bh3 Nxd4 14. Bxd4 Bxd4 15. Qxd4 Bxh3 16. Rxh3 Qb6 17. O-O-O Qxd4 18. Rxd4 Nc5 19. Nd5 Rae8 20. f5 Nd7 21. Rc3 e6 22. Nf4 e5 23. Rxd6 exf4 24. Rxd7 Rxe4 25. fxg6 Re1+ 26. Kd2 Rh1 27. Rcc7 Rxh4 28. Rxf7 Rxf7 29. Rxf7 Rg4 30. Ke2 Rxg5 31. Kf3 Rxg6 32. Rxb7 h4 33. Rb5 Rh6 34. Kg2 h3+ 35. Kh2 Kg7 36. Rf5 Rh4 37. c4 Kg6 38. Rf8 Kg5 39. c5 Rh6 40. Rg8+ Kf5 41. Rf8+ Ke4 42. Re8+ Kf3 43. b4 Rg6 44. Re5 Rg2+ 45. Kxh3 Rxa2 46. Kh4 Rb2 47. c6 Rxb4 48. Rc5 Rb1 49. c7 Rh1+ 50. Kg5 Rg1+ 51. Kf5 Rg8 52. c8=Q Rxc8 53. Rxc8 a5 54. Rc3+ Ke2 55. Kxf4 Kd2 56. Ra3 Kc2 57. Rxa5 1-0

[Event "November 21 Late 2023"]
[Site "https://www.chess.com"]
[Date "2023.11.21"]
[Round "11"]
[White "Cooper, Aaron"]
[Black "Ventura Bolet, Maxim"]
[Result "0-1"]
[Board "62"]
[TimeControl "180+1"]
[WhiteFideId "2634945"]
[BlackFideId "22238824"]
[WhiteElo "2352"]
[BlackElo "2227"]
[WhiteTeam "CAN"]
[BlackTeam "ESP"]
[WhiteClock "0:00:00"]
[BlackClock "0:00:07"]

1. b4 a5 2. b5 c5 3. c4 b6 4. Bb2 Bb7 5. Nf3 Nf6 6. e3 d5 7. d4 dxc4 8. Bxc4 e6 9. O-O Nbd7 10. Nc3 Be7 11. d5 exd5 12. Nxd5 O-O 13. Nxe7+ Qxe7 14. Qe2 h6 15. Rad1 Rad8 16. h3 Ne4 17. Ba1 Ng5 18. Nxg5 Qxg5 19. f4 Qg3 20. e4 Nf6 21. Rf3 Qh4 22. Rxd8 Rxd8 23. g3 Qxh3 24. Bxf6 gxf6 25. Re3 f5 26. Qg2 Rd1+ 27. Bf1 Qxg2+ 28. Kxg2 Bxe4+ 29. Kg1 c4 30. Kf2 Rd2+ 31. Ke1 Rxa2 32. Bxc4 Rb2 33. Kd1 Kg7 34. Kc1 Rb1+ 35. Kd2 Rb2+ 36. Kc3 Rb4 37. Bd3 Bxd3 38. Rxd3 Rxb5 39. Rd6 Rb4 40. Rd5 Kf6 41. Rd6+ Ke7 42. Rxh6 b5 43. Ra6 Ra4 44. Rb6 b4+ 45. Kb3 Ra3+ 46. Kb2 Rxg3 47. Rb5 Ra3 48. Rxf5 Ke6 49. Re5+ Kd6 50. Rb5 Rf3 51. Rf5 a4 52. Rxf7 Rf2+ 53. Kb1 Kc5 54. Rc7+ Kd4 55. Rd7+ Kc3 56. Rc7+ Kb3 57. Kc1 a3 0-1

[Event "November 21 Late 2023"]
[Site "https://www.chess.com"]
[Date "2023.11.21"]
[Round "11"]
[White "Yushko, Olga"]
[Black "Rangel, Daniel"]
[Result "0-1"]
[Board "63"]
[TimeControl "180+1"]
[WhiteFideId "14114500"]
[BlackFideId "2124475"]
[WhiteElo "2028"]
[BlackElo "2267"]
[WhiteTeam "UKR"]
[BlackTeam "BRA"]
[WhiteClock "0:00:02"]
[BlackClock "0:01:19"]

1. d4 Nf6 2. c4 g6 3. Nc3 d5 4. Nf3 Bg7 5. e3 c6 6. Be2 O-O 7. O-O Bf5 8. Qb3 Qb6 9. Qxb6 axb6 10. cxd5 cxd5 11. Ne5 Nc6 12. Bf3 Rfd8 13. g4 Be6 14. g5 Nxe5 15. gxf6 Nxf3+ 16. Kg2 Nh4+ 17. Kg3 Nf5+ 18. Kf4 Bxf6 19. Nb5 Ra5 20. Nc3 b5 21. Bd2 Rda8 22. a3 Nd6 23. Ne2 R5a6 24. Bc3 Bf5 25. Ng3 Ne4 26. Nxf5 gxf5 27. Kxf5 Nxc3 28. bxc3 Rxa3 29. Rab1 R8a5 30. Rb4 Rxc3 31. Rfb1 Kg7 32. Rxb5 e6+ 33. Kf4 Rxb5 34. Rxb5 Rc2 35. Kf3 Rc7 36. Kg4 Kg6 37. f3 h5+ 38. Kg3 Rc3 39. Kf4 Bg5+ 40. Ke5 Rxe3+ 41. Kd6 Rxf3 42. Rxb7 Bf4+ 43. Kc5 Bxh2 44. Rb2 Bg3 45. Rg2 h4 0-1

[Event "November 21 Late 2023"]
[Site "https://www.chess.com"]
[Date "2023.11.21"]
[Round "11"]
[White "Hansen, Sune Berg"]
[Black "Van Osch, Mees"]
[Result "1-0"]
[Board "64"]
[TimeControl "180+1"]
[WhiteFideId "1400266"]
[BlackFideId "1035967"]
[WhiteElo "2671"]
[BlackElo "2324"]
[WhiteTeam "DEN"]
[BlackTeam "NED"]
[WhiteClock "0:02:25"]
[BlackClock "0:00:54"]

1. e4 c6 2. Nf3 d5 3. d3 g6 4. e5 Bg4 5. Nbd2 Bg7 6. d4 e6 7. c3 Ne7 8. Bd3 c5 9. O-O c4 10. Bc2 O-O 11. Re1 Nbc6 12. b4 b5 13. a4 a6 14. h3 Bf5 15. Nf1 Qd7 16. Ne3 Bxc2 17. Qxc2 Nf5 18. Ng4 h6 19. Nf6+ Bxf6 20. exf6 Kh7 21. g4 Nd6 22. Qd2 g5 23. Nxg5+ hxg5 24. Qxg5 Rg8 25. Qh5# 1-0

[Event "November 21 Late 2023"]
[Site "https://www.chess.com"]
[Date "2023.11.21"]
[Round "11"]
[White "Kuegel, Tobias"]
[Black "Gutkin, Ilya"]
[Result "0-1"]
[Board "65"]
[TimeControl "180+1"]
[WhiteFideId "4636295"]
[BlackFideId "16203470"]
[WhiteElo "2213"]
[BlackElo "2248"]
[WhiteTeam "GER"]
[BlackTeam "GER"]
[WhiteClock "0:00:02"]
[BlackClock "0:00:05"]

1. e4 e5 2. Nf3 Nc6 3. Bb5 Nf6 4. O-O Nxe4 5. d4 Nd6 6. dxe5 Nxb5 7. a4 Nbd4 8. Nxd4 Nxd4 9. Qxd4 d5 10. exd6 Qxd6 11. Qe4+ Qe6 12. Qd4 Qd6 13. Qe3+ Qe6 14. Qg3 Bd6 15. Qxg7 Be5 16. Qg5 h6 17. Qe3 Bd7 18. Re1 f6 19. Bd2 O-O-O 20. Bc3 Bc6 21. Bxe5 fxe5 22. Nc3 Rhg8 23. f3 Qh3 24. Re2 Bxf3 25. g3 Bxe2 26. Nxe2 h5 27. Qxa7 Qg4 28. Re1 Qb4 29. c3 Qxb2 30. Qa8+ Kd7 31. Qa5 Qb6+ 32. Qxb6 cxb6 33. Rb1 Kc6 34. Kf2 Rd2 35. Ke3 Ra2 36. Rf1 Rxa4 37. Rf5 h4 38. Rxe5 hxg3 39. hxg3 b5 40. Nd4+ Kb6 41. Rxb5+ Ka6 42. Rb3 Rxg3+ 43. Ke4 Rg4+ 44. Kd5 Ra5+ 45. Ke6 Rg6+ 46. Kf7 Rh6 47. Ne6 Rf5+ 48. Kg7 Rxe6 49. Ra3+ Kb6 0-1

[Event "November 21 Late 2023"]
[Site "https://www.chess.com"]
[Date "2023.11.21"]
[Round "11"]
[White "Toniutti, Ezio"]
[Black "Pace, Christopher"]
[Result "1-0"]
[Board "66"]
[TimeControl "180+1"]
[WhiteFideId "113034"]
[BlackFideId "2610167"]
[WhiteElo "2215"]
[BlackElo "2425"]
[WhiteTeam "ARG"]
[BlackTeam "CAN"]
[WhiteClock "0:00:12"]
[BlackClock "0:00:51"]

1. d4 Nf6 2. c4 e5 3. dxe5 Ng4 4. Bf4 Bb4+ 5. Nd2 Nc6 6. Nf3 Qe7 7. a3 Bxd2+ 8. Qxd2 Ngxe5 9. Nxe5 Nxe5 10. e3 O-O 11. Be2 d6 12. O-O b6 13. Rfd1 Bb7 14. b4 Rad8 15. Rac1 c5 16. Qc3 Ng6 17. Bg3 f5 18. Bf1 f4 19. exf4 Nxf4 20. Re1 Qf7 21. Re3 Nh5 22. Qd2 d5 23. cxd5 Bxd5 24. Qe1 Nxg3 25. hxg3 cxb4 26. axb4 Rfe8 27. Rd1 Rxe3 28. Qxe3 Re8 29. Qd4 Ba8 30. Bc4 1-0

[Event "November 21 Late 2023"]
[Site "https://www.chess.com"]
[Date "2023.11.21"]
[Round "11"]
[White "Seletsky, Grigory"]
[Black "VitaliyChayka"]
[Result "1/2-1/2"]
[Board "67"]
[TimeControl "180+1"]
[WhiteFideId "14112191"]
[WhiteElo "2482"]
[BlackElo "2442"]
[WhiteTeam "UKR"]
[WhiteClock "0:00:18"]
[BlackClock "0:00:16"]

1. b3 d5 2. Bb2 c6 3. Nf3 Bf5 4. d3 e6 5. g3 h6 6. Bg2 Nf6 7. O-O Be7 8. c4 O-O 9. cxd5 exd5 10. Nc3 Bh7 11. Nd4 Nbd7 12. Qd2 Re8 13. Rfe1 Bc5 14. Nf3 a5 15. d4 Bb4 16. Qc1 Ne4 17. a3 Bd6 18. e3 Qb6 19. Nxe4 Bxe4 20. Nd2 Bxg2 21. Kxg2 Nf6 22. Qc2 Re7 23. Qd3 Rae8 24. Bc3 Ne4 25. Nxe4 Rxe4 26. b4 axb4 27. axb4 h5 28. Rab1 Qd8 29. b5 Qd7 30. bxc6 bxc6 31. h3 h4 32. g4 f5 33. f3 R4e7 34. Bd2 fxg4 35. hxg4 Bg3 36. Rf1 Re6 37. Rb3 Qe7 38. Qb1 Bc7 39. Rb7 Qd6 40. f4 h3+ 41. Kxh3 Rxe3+ 42. Bxe3 Rxe3+ 43. Kg2 Qh6 44. Rb8+ Kf7 45. Qf5+ Ke7 46. Qf8+ Kd7 47. Qc8+ Kd6 48. Qf8+ Kd7 49. Qc8+ Kd6 50. Qf8+ Kd7 1/2-1/2